AoeStats
← Comend x comend

African Clearing

506564210Analyzed
4v4 RM · 18d ago on Sep 14, 2026· 42m 12s· 8 players
Game mode
Random Map
Map size
Large (8 player)
Population
200
Speed
Normal
Resources
Standard
Victory
Conquest
Starting age
Dark Age
Ending age
Imperial Age
RankedLock teamsTeams togetherTeam positionsShared explorationLock speedFull tech treeHidden civsTurbo modeCheats
Victory
Defeat
🇵🇪 Mongols · Peru
1297
+20
🇲🇽 Vietnamese · Mexico
1261
+21
🇨🇷 Hindustanis · Costa Rica
1252
+21
🇨🇷 Maya · Costa Rica
1235
+22
🇨🇱 Malians · Chile
1405
-22
🇨🇱 Vikings · Chile
1397
-22
🇨🇱 Saracens · Chile
1382
-21
🇨🇱 Italians · Chile
1326
-19
[CRM] - Shadow
6:20 Loom
14:46 Feudal Age
15:46 Double-Bit Axe
15:52 Gold Mining
15:51 Horse Collar
19:05 Castle Age
17:43 Forging
18:26 Scale Barding Armor
18:51 Bloodlines
20:50 Chain Barding Armor
26:08 Iron Casting
27:10 Husbandry
28:36 Bow Saw
28:27 Heavy Plow
31:45 Stone Mining
34:49 Wheelbarrow
35:50 Hand Cart
40:08 Imperial Age
37:25 Light Cavalry
38:48 Gold Shaft Mining
40:17 Stone Shaft Mining
40:10 Heavy Camel Rider
41:51 Blast Furnace
41:26 Plate Barding Armor
41:56 Two-Man Saw
41:24 Conscription
42:38 Grand Trunk Road
Comend x comend
6:18 Loom
13:04 Feudal Age
16:39 Castle Age
36:58 Double-Bit Axe
[CL]TrunicC
13:04 Feudal Age
14:08 Loom
14:41 Double-Bit Axe
17:23 Castle Age
15:25 Stone Mining
16:15 Gold Mining
18:20 Fletching
24:03 Wheelbarrow
23:34 Bodkin Arrow
26:04 Ballistics
27:18 Padded Archer Armor
30:54 Bow Saw
34:56 Thumb Ring
[CRM]-Camacho
14:03 Feudal Age
17:48 Castle Age
16:59 Double-Bit Axe
21:47 Loom
24:53 Scale Mail Armor
24:57 Eagle Warrior
27:10 Chain Mail Armor
28:47 Forging
30:04 Pikeman
34:33 Horse Collar
36:45 Wheelbarrow
35:58 Town Watch
37:02 Iron Casting
38:31 Arson
38:50 Squires
41:49 Hand Cart
44:35 Imperial Age
Mancodios
7:30 Loom
12:34 Feudal Age
25:47 Castle Age
36:13 Crossbowman
37:48 Double-Bit Axe
38:26 Horse Collar
39:27 Fletching
41:24 Bodkin Arrow
42:36 Padded Archer Armor
ATELLo
9:12 Loom
12:23 Feudal Age
13:33 Double-Bit Axe
16:27 Fletching
17:27 Padded Archer Armor
25:14 Castle Age
25:16 Scale Mail Armor
25:24 Scale Barding Armor
25:29 Forging
26:13 Bloodlines
26:16 Husbandry
26:41 Chain Barding Armor
27:25 Thumb Ring
33:25 Crossbowman
39:12 Light Cavalry
Leonardo
5:56 Loom
12:31 Feudal Age
13:40 Double-Bit Axe
14:43 Forging
22:24 Castle Age
23:51 Bow Saw
24:48 Wheelbarrow
24:52 Husbandry
25:02 Bloodlines
30:52 Fletching
31:32 Bodkin Arrow
31:09 Crossbowman
32:17 Gold Mining
33:06 Town Watch
33:30 Padded Archer Armor
34:13 Hand Cart
34:56 Ballistics
Gus Dekkers
9:29 Loom
12:17 Feudal Age
14:03 Scale Barding Armor
14:08 Forging
21:17 Castle Age
19:34 Double-Bit Axe
20:36 Fletching
24:23 Town Watch
26:18 Chain Barding Armor
35:04 Elite Skirmisher
35:45 Padded Archer Armor
36:16 Bodkin Arrow
41:23 Imperial Age
39:56 Leather Archer Armor
41:32 Cavalier
42:48 Iron Casting
42:13 Scale Mail Armor
42:15 Bracer
42:45 Ring Archer Armor
Connection lost

Rejoining the realm…

Still unreachable

The connection could not be restored.

Session expired

The server has moved on; the page needs a fresh start.